Map: Ruins of Endion

Players

capac

  • Race: Terran Terran
  • League: Gold

Saffer - Winner!

  • Race: Protoss Protoss
  • League: Gold

VOD

Have the link to the VOD?

Description

Time

  • Played on: April 11, 2016, 2:18 p.m.
  • Length: 13:28
Show
View Real Time Build Order
Export as new Build Order

capac Terran 

Build Orders: Reaper Expand, MMM Bio 

Get SALT Encoding   

  12  0:01  SCV  
  13  0:13  SCV  
  14  0:18  Supply Depot  
  14  0:25  SCV  
  15  0:40  SCV  
  15  0:41  Barracks  
  16  0:52  SCV  
  16  0:55  Refinery  
  17  1:04  SCV  
  18  1:16  SCV  
  19  1:28  Orbital Command  
  19  1:38  Reaper  
  20  1:42  Command Center  
  20  1:51  Supply Depot  
  20  1:57  SCV  
  21  2:14  Marine  
  22  2:16  Factory  
  22  2:20  Barracks  
  22  2:23  Refinery  
  22  2:36  SCV  
  23  2:38  Barracks Reactor  
  23  2:57  Orbital Command  
  23  3:02  Factory Tech Lab  
  23  3:07  SCV  
  24  3:12  Starport  
  24  3:19  Barracks Tech Lab  
  24  3:20  Marine x2  
  26  3:28  Bunker, SCV  
  26  3:31  SCV  
  28  3:39  Marine x3  
  28  3:40  SCV  
  32  3:42  Siege Tank  
  32  3:43  SCV  
  36  3:58  Stimpack  
  35  4:03  Marine x3  
  35  4:06  Starport Reactor  
  35  4:08  SCV x2  
  40  4:13  Refinery  
  40  4:19  Engineering Bay x2  
  40  4:21  SCV x2  
  42  4:31  Supply Depot  
  42  4:32  Marine  
  42  4:33  Marine x2  
  45  4:52  Missile Turret  
  45  4:53  Medivac x2  
  49  5:00  Missile Turret  
  49  5:01  Supply Depot  
  49  5:02  SCV  
  49  5:03  SCV  
  51  5:15  SCV x2  
  51  5:19  Marine  
  54  5:22  Marine x2  
  54  5:27  SCV x2  
  58  5:37  Marine, Liberator x2  
  58  5:39  SCV x2  
  58  5:40  Marine  
  62  5:50  Missile Turret  
  62  5:54  SCV x2  
  62  5:55  Supply Depot  
  62  5:56  Refinery  
  70  6:05  Marine  
  68  6:12  Siege Tank  
  50  6:37  Marine x3  
  42  6:54  Marine  
  42  6:55  Marine x2  
  42  7:00  SCV x2  
  46  7:12  Marine  
  46  7:13  Marine x2  
  49  7:17  Command Center  
  49  7:18  SCV x2  
  49  7:21  Terran Infantry Weapons Level 1  
  49  7:22  Terran Infantry Armor Level 1  
  51  7:30  Marine x2  
  51  7:31  Marine, SCV x2  
  42  7:48  Marine x3  
  41  7:59  Supply Depot  
  41  8:06  Marine x3  
  44  8:17  Siege Tank  
  44  8:18  Medivac x2  
  51  8:24  Marine x3  
  51  8:25  Supply Depot  
  51  8:26  Combat Shields  
  54  8:31  SCV x2, Armory  
  56  8:34  Orbital Command  
  55  8:43  SCV x2  
  57  8:56  Marine  
  57  8:57  Marine x2  
  57  8:58  Siege Tank  
  63  9:14  Marine x3  
  66  9:20  Barracks  
  66  9:21  SCV  
  66  9:22  Barracks  
  65  9:33  Liberator  
  65  9:35  SCV  
  65  9:36  SCV x2  
  68  9:40  Marine x3  
  71  9:48  SCV x2  
  73  10:20  Marine x3  
  76  10:22  Marine x2  
  76  10:27  Missile Turret  
  74  10:38  Marine x3, Siege Tank  
  74  10:40  Marine x2, Orbital Command  
  82  10:54  SCV x2  
  84  11:03  Barracks Reactor x2  
  84  11:05  Barracks  
  84  11:06  SCV  
  84  11:09  Supply Depot, SCV  
  84  11:10  SCV  
  84  11:11  Starport  
  87  11:18  SCV  
  88  11:45  SCV x3  
  91  11:49  Missile Turret  
  91  12:03  Liberator  
  91  12:04  Liberator  
  91  12:05  SCV x3  
  94  12:10  Marine x6  
  100  12:19  Supply Depot, Starport Reactor  
  100  12:21  Supply Depot, Marauder  
  100  12:22  Supply Depot  
  98  12:59  Marine x2  
  98  13:00  Marine x3  
Show
View Real Time Build Order
Export as new Build Order

Saffer Protoss - Winner!

Build Orders: 1 Gate Expand, Blink Stalkers 

Get SALT Encoding   

  12  0:01  Probe (Chrono Boost)  
  13  0:11  Probe (Chrono Boost)  
  14  0:18  Pylon  
  14  0:25  Probe (Chrono Boost)  
  15  0:36  Probe (Chrono Boost)  
  15  0:39  Gateway  
  16  0:47  Probe (Chrono Boost)  
  17  0:53  Assimilator  
  17  0:57  Probe (Chrono Boost)  
  18  1:08  Probe (Chrono Boost)  
  19  1:21  Nexus  
  19  1:34  Cybernetics Core  
  19  1:41  Probe (Chrono Boost)  
  19  1:45  Assimilator  
  20  1:52  Probe (Chrono Boost)  
  21  1:55  Pylon  
  21  2:03  Probe (Chrono Boost)  
  22  2:12  Warp Gate  
  22  2:13  Adept  
  24  2:22  Twilight Council  
  24  2:23  Probe (Chrono Boost)  
  25  2:33  Probe x2 (Chrono Boost)  
  27  2:43  Probe (Chrono Boost)  
  27  2:44  Mothership Core (Chrono Boost), Adept  
  32  2:54  Probe (Chrono Boost)  
  33  3:03  Probe (Chrono Boost)  
  33  3:04  Probe (Chrono Boost)  
  35  3:06  Blink (Chrono Boost)  
  35  3:13  Probe (Chrono Boost)  
  35  3:14  Pylon  
  35  3:16  Adept  
  38  3:21  Probe (Chrono Boost)  
  38  3:24  Probe (Chrono Boost)  
  38  3:26  Pylon  
  40  3:31  Probe (Chrono Boost)  
  40  3:33  Robotics Facility  
  41  3:40  Probe (Chrono Boost)  
  42  3:42  Probe (Chrono Boost)  
  43  3:50  Probe (Chrono Boost), Stalker  
  46  4:05  Assimilator  
  46  4:10  Assimilator  
  46  4:14  Gateway x2  
  46  4:23  Observer (Chrono Boost)  
  47  4:25  Probe x2  
  49  4:33  Stalker  
  49  4:37  Probe  
  49  4:38  Probe  
  53  4:39  Pylon  
  53  4:43  Warp Prism (Chrono Boost)  
  55  4:57  Stalker  
  55  4:59  Probe x2 (Chrono Boost)  
  59  5:04  Pylon  
  59  5:12  Observer  
  59  5:21  Stalker x3  
  66  5:35  Observer  
  67  5:44  Gateway  
  67  5:46  Gateway  
  67  5:48  Gateway  
  67  5:53  Stalker x3  
  73  5:57  Nexus  
  73  5:59  Pylon  
  73  6:00  Pylon  
  68  6:24  Probe (Chrono Boost)  
  70  6:26  Probe (Chrono Boost)  
  70  6:28  Stalker x2  
  70  6:29  Stalker  
  68  6:53  Probe (Chrono Boost)  
  68  6:55  Probe (Chrono Boost)  
  68  6:59  Immortal  
  68  7:04  Probe (Chrono Boost)  
  68  7:07  Probe (Chrono Boost)  
  74  7:09  Robotics Bay  
  74  7:11  Forge  
  74  7:14  Forge  
  74  7:21  Stalker  
  74  7:22  Stalker x4  
  82  7:23  Stalker  
  76  7:53  Stalker x4  
  76  7:54  Stalker x2  
  76  7:58  Photon Cannon  
  88  8:00  Photon Cannon  
  88  8:02  Probe x2 (Chrono Boost)  
  88  8:03  Probe (Chrono Boost)  
  91  8:07  Photon Cannon  
  91  8:12  Probe x2 (Chrono Boost)  
  93  8:15  Probe (Chrono Boost)  
  94  8:25  Sentry x4  
  102  8:34  Templar Archives  
  98  8:49  Stalker x3  
  98  8:50  Stalker x2  
  109  8:57  Probe (Chrono Boost)  
  109  9:02  Pylon  
  109  9:07  Protoss Ground Weapons Level 1 (Chrono Boost), Protoss Ground Armor Level 1 (Chrono Boost), Pylon  
  109  9:09  Pylon  
  109  9:11  Pylon  
  109  9:13  Colossus  
  109  9:20  Probe x2  
  117  9:25  Probe  
  118  9:32  Probe  
  118  9:37  Probe x2  
  121  9:40  Assimilator  
  121  9:42  Assimilator  
  121  9:44  Probe  
  122  9:47  Extended Thermal Lance  
  122  9:49  Probe x2  
  122  10:06  High Templar x2  
  122  10:07  High Templar x2  
  128  10:09  Zealot x2  
  134  10:38  Colossus  
  134  10:39  Pylon  
  134  10:40  Pylon  
  134  10:45  Pylon  
  134  10:49  Protoss Ground Weapons Level 2 (Chrono Boost), Protoss Ground Armor Level 2 (Chrono Boost)  
  140  11:00  Nexus  
  140  11:03  Assimilator  
  140  11:07  Assimilator  
  140  11:09  Photon Cannon  
  140  11:12  Photon Cannon x2  
  140  11:15  Photon Cannon  
  140  11:18  Photon Cannon  
  140  11:23  Archon  
  140  11:25  Archon  
  140  11:30  Stalker x2  
  140  11:31  Stalker x4  
  152  11:45  Colossus  
  152  12:04  Stalker x4  
  152  12:05  Stalker x2  
  164  12:14  Pylon  
  164  12:16  Pylon  
  164  12:19  Pylon  
  164  12:22  Pylon  
  164  12:24  Pylon  
  164  12:44  High Templar x3  
  164  12:45  High Templar x3  
  164  12:48  Archon x2  
  164  12:49  Archon  
  158  13:21  Stalker  
  158  13:22  Stalker x5  
Tags
 
Add a new tag
Caveats
  • Supply blocks, unpowered buildings, or Contaminate may cause inaccurate times.
  • Supply counts are checked every 10 seconds.